 Dungeon Crawl Stone Soup version 0.17.0-27-g4a3f43e (webtiles) character file.

219 septik the Digger (level 5, -3/42 HPs)
             Began as a Gargoyle Earth Elementalist on Nov 21, 2015.
             Killed from afar by an orc wizard (11 damage)
             ... with a puff of flame
             ... on level 3 of the Dungeon.
             The game lasted 00:09:13 (2696 turns).

septik the Digger (Gargoyle Earth Elementalist)     Turns: 2696, Time: 00:09:14

Health: -3/42      AC: 22    Str: 12    XL:     5   Next: 96%
Magic:  1/11       EV:  2    Int: 16    God:
Gold:   82         SH:  0    Dex: 14    Spells: 3 memorised, 6 levels left

rFire  . . .     SeeInvis .     b - 141 stones
rCold  + . .     Clarity  .     (armour currently unavailable)
rNeg   + + +     SustAt   .     (no shield)
rPois  ∞         Gourm    .     (helmet currently unavailable)
rElec  .         Spirit   .     (cloak currently unavailable)
rCorr  .         Warding  .     (gloves currently unavailable)
rMut   .         NoTele   +     (boots currently unavailable)
MR     .....                    (no amulet)
Stlth  +++.......               t - +4 ring of dexterity
                                m - ring of protection from cold

@: tree-form, very slightly contaminated, not resistant to hostile enchantments,
fairly stealthy
A: negative energy resistance 1, (electricity resistance), (unbreathing),
petrification resistance, rot immunity, AC +4
a: no special abilities


You were on level 3 of the Dungeon.
You were not hungry.
You were a tree.
You visited 1 branch of the dungeon, and saw 3 of its levels.

You collected 82 gold pieces.

Inventory:

Hand Weapons
 a - a +0 club
Missiles
 b - 141 stones (in branch)
Armour
 h - a +0 robe (melded)
 j - a +0 helmet (melded)
Jewellery
 m - a ring of protection from cold (left branch)
 t - a +4 ring of dexterity (right branch)
 y - an uncursed amulet of resist mutation {unknown}
Scrolls
 e - a scroll of enchant armour {unknown}
 g - 4 scrolls of teleportation {unknown}
 i - a scroll of random uselessness {unknown}
 l - 3 scrolls of identify {unknown}
 n - 2 scrolls of fog {unknown}
 p - a scroll of noise {unknown}
 s - 2 scrolls of fear {unknown}
 u - a scroll of remove curse {unknown}
 w - a scroll of amnesia {unknown}
 x - a scroll of recharging {unknown}
Potions
 f - 2 potions of heal wounds {unknown}
 k - a potion of flight {unknown}
 r - a potion of magic {unknown}
 v - a potion of brilliance {unknown}
 z - a potion of agility {unknown}
 C - 2 potions of cancellation {unknown}
Books
 c - a book of Geomancy

   Spells                             Type                      Level
   a - Sandblast                      Earth                        1
   b - Stoneskin                      Transmutation/Earth          2
   c - Passwall                       Transmutation/Earth          3
   d - Stone Arrow                    Conjuration/Earth            3
   e - Petrify                        Transmutation/Earth          4
   f - Lee's Rapid Deconstruction     Earth                        5
Comestibles
 d - a bread ration
 A - 4 chunks of flesh
 B - 2 meat rations


   Skills:
 - Level 1.5 Dodging
 - Level 2.1 Stealth
 * Level 4.3 Spellcasting
 + Level 1.8 Conjurations
 - Level 0.7 Transmutations
 + Level 5.2 Earth Magic


You had 6 spell levels left.
You knew the following spells:

 Your Spells              Type           Power        Failure   Level  Hunger
a - Sandblast             Erth           ###...       1%          1    None
b - Stoneskin             Trmt/Erth      ##......     10%         2    ##.....
c - Stone Arrow           Conj/Erth      ##....       12%         3    ###....


Dungeon Overview and Level Annotations

Branches:
Dungeon (3/15)

Altars:
Cheibriados
Qazlal

Annotations:
D:3 exclusion: 4 gnolls


Innate Abilities, Weirdness & Mutations

You are resistant to torment.
((Your stone body is resilient (AC +4).))
You are immune to poison.
You resist negative energy.
((You are resistant to electric shocks.))
((You can survive without breathing.))
You are immune to petrification.
You are immune to rotting.


Message History

Your +0 helmet melds into your body.
Your +0 robe melds into your body.
Your roots penetrate the ground.
Something hits you but does no damage.
You clumsily bash something but do no damage.
Something hits you but does no damage. x2
You miss something. Something hits you but does no damage.
You hear some strange, mumbled words.
A puff of flame appears from out of thin air!
The puff of flame hits you! Something hits you but does no damage.
You barely miss something.
You hear some strange, mumbled words.
A puff of flame appears from out of thin air!
The puff of flame hits you! Something hits you but does no damage.
You closely miss something.
You hear some strange, mumbled words.
A puff of flame appears from out of thin air!
The puff of flame hits you!
You hear some strange, mumbled words.
A puff of flame appears from out of thin air!
The puff of flame hits you!
You die...

####...o###
#<###...#.# ###
##..!......# #.#
###.#.# # ...........#
#.#####.#.# #
#......o?.#
#.........#
####.....##
#######.### #......#
#.# #.....## #.#
##.#.############.#
#...)..♣.........#
###.#..#.....#####
#.##..#####.#######
#.##.##...##..).[.##
#.##.#.....#.####..#
#.##.#.....###..##.##
#.##.#...)(##....#..#
#.##.##..))#'.).(#..#
#.##..#####.##..##).##


There were no monsters in sight!

Vanquished Creatures
  Ijyb (D:1)
  7 gnolls (D:3)
  6 adders
  2 oozes
  A giant gecko (D:3)
  4 orcs (D:3)
  7 bats
  3 giant cockroaches
  9 hobgoblins
  5 kobolds
  A quokka (D:3)
  A ball python (D:1)
  3 giant newts
  6 goblins
  6 rats
62 creatures vanquished.

Notes
Turn   | Place    | Note
--------------------------------------------------------------
     0 | D:1      | septik the Gargoyle Earth Elementalist began the quest for the Orb.
     0 | D:1      | Reached XP level 1. HP: 10/10 MP: 3/3
   210 | D:1      | Reached XP level 2. HP: 10/15 MP: 5/5
   217 | D:1      | Learned a level 2 spell: Stoneskin
   705 | D:1      | Reached skill level 4 in Earth Magic
   859 | D:2      | Reached XP level 3. HP: 19/19 MP: 4/7
   993 | D:2      | Noticed Ijyb
  1099 | D:1      | Killed Ijyb
  1099 | D:1      | Reached XP level 4. HP: 22/24 MP: 0/9
  1432 | D:2      | Found a stormy altar of Qazlal.
  1435 | D:2      | Found a snail-covered altar of Cheibriados.
  1640 | D:3      | Learned a level 3 spell: Stone Arrow
  1786 | D:3      | HP: 1/24 [gnoll/club (2)]
  1787 | D:3      | Reached XP level 5. HP: 1/28 MP: 0/10
  2122 | D:3      | Reached skill level 1 in Conjurations
  2136 | D:3      | Reached skill level 5 in Earth Magic
  2295 | D:3      | Found a faded altar to an unknown god.
  2696 | D:3      | Killed from afar by an orc wizard

Action                   |  1- 3 |  4- 6 || total
-------------------------+-------+-------++-------
Melee: Club              |    57 |    80 ||   137
       Unarmed           |     4 |       ||     4
Throw: Stone             |       |     1 ||     1
 Cast: Sandblast         |    43 |    74 ||   117
       Stoneskin         |       |     1 ||     1
  Use: Potion            |       |     4 ||     4
 Stab: Sleeping          |     2 |     2 ||     4
  Eat: Chunk             |       |     6 ||     6
